 Dungeon Sprint DCSS version 0.20.1-1-g8b1a95d (webtiles) character file.

10357 Fang the Severer (level 11, -3/121 HPs)
             Began as a Gargoyle Berserker on Oct 22, 2018.
             Was the Champion of Trog.
             Slain by a profane servitor
             ... wielding a +3 demon whip of electrocution
              (6 damage)
             ... in the Dungeon (Sprint VII: "The Pits") on Oct 23, 2018.
             The game lasted 00:07:41 (2225 turns).

Fang the Severer (Gargoyle Berserker)               Turns: 2225, Time: 00:07:42

Health: -3/121     AC: 26    Str: 28    XL:     11   Next: 60%
Magic:  11/11      EV: 10    Int: 12    God:    Trog [******]
Gold:   14         SH:  0    Dex: 12    Spells: 10/10 levels left

rFire    . . .     SeeInvis .   H - +4 battleaxe (venom)
rCold    . . .     Gourm    .   (shield currently unavailable)
rNeg     + . .     Faith    .   w - +3 plate armour
rPois    ∞         Spirit   .   (no helmet)
rElec    +         Reflect  .   (no cloak)
rCorr    .         Harm     .   (no gloves)
MR       .....     NoTele   +   (no boots)
Stlth    ..........             (no amulet)
Regen    0.3/turn               r - +3 ring of dexterity
MPRegen  0.2/turn               t - +3 ring of intelligence

@: berserking (expiring), wreathed by umbra, very quick
A: negative energy resistance 1, electricity resistance, unbreathing,
petrification resistance, rot immunity, AC +7
a: Berserk, Trog's Hand, Brothers in Arms, Burn Spellbooks, Renounce Religion


You were in the Dungeon.
You worshipped Trog.
Trog was exalted by your worship.
You were very hungry.

You visited 1 branch You collected 14 gold pieces.

Inventory:

Hand Weapons
 b - a +2 broad axe of electrocution
 j - a +4 antimagic war axe
 o - a +2 hand axe of freezing
 q - the +10 war axe "Utse" {chop, rC- Str+5 SInv}
   (Trog gifted it to you in the Dungeon)

   It inflicts extra damage upon your enemies.
   It affects your strength (+5).
   It makes you vulnerable to cold.
   It lets you see invisible.
 v - a +1 broad axe of chopping
 x - a +2 broad axe of flaming
 H - a +4 battleaxe of venom (weapon)
Armour
 w - a +3 plate armour (worn)
Jewellery
 r - a +3 ring of dexterity (left hand)
 t - a +3 ring of intelligence (right hand)
 E - an uncursed ring of positive energy
 F - an uncursed ring of ice
 G - an uncursed ring of protection from fire
Scrolls
 i - 2 scrolls of blinking
 k - 4 scrolls of remove curse
 l - a scroll of summoning
 y - 2 scrolls of fear
 z - 2 scrolls of enchant armour
 A - a scroll of identify
 C - 2 scrolls of enchant weapon
 D - a scroll of recharging
Potions
 a - 2 potions of invisibility
 d - 11 potions of curing
 e - 13 potions of heal wounds
 f - 2 potions of haste
 g - 4 potions of magic
 h - 5 potions of berserk rage
 s - a potion of resistance
 u - 2 potions of brilliance
 B - a potion of might
Comestibles
 c - 7 bread rations
 m - 40 fruits
 n - 7 meat rations
 p - 11 chunks of flesh


   Skills:
 + Level 15.3 Fighting
 + Level 17.9 Axes
 + Level 12.8 Armour
 + Level 5.4 Dodging
 + Level 2.4 Stealth


You had 10 spell levels left.
You didn't know any spells.

Dungeon Overview and Level Annotations

Branches:
Dungeon (1/1)

Altars:
Ashenzari
Cheibriados
Dithmenos
Elyvilon
Fedhas
Gozag
Hepliaklqana
Kikubaaqudgha
Makhleb
Nemelex Xobeh
Okawaru
Qazlal
Ru
Sif Muna
Trog
Uskayaw
Vehumet
Xom
Yredelemnul
Zin
The Shining One
Beogh
Jiyva
Lugonu


Innate Abilities, Weirdness & Mutations

You are resistant to torment.
Your stone body is resilient. (AC +7)
You are immune to poison.
You resist negative energy. (rN+)
You are resistant to electric shocks. (rElec)
You can survive without breathing.
You are immune to petrification.
You are immune to rotting.


Message History

The profane servitor is heavily damaged.
The profane servitor hits you but does no damage.
The profane servitor hits you with a demon whip of electrocution.
* * * LOW HITPOINT WARNING * * *
Unknown command.
You slice the profane servitor!!
The profane servitor is severely damaged.
The profane servitor hits you but does no damage. x2
You miss the profane servitor.
The profane servitor is severely damaged.
Unknown command.
You hit the profane servitor.
The profane servitor is severely damaged.
The profane servitor hits you but does no damage.
The profane servitor hits you with a demon whip of electrocution.
* * * LOW HITPOINT WARNING * * *
You barely miss the profane servitor.
The profane servitor is severely damaged.
The profane servitor hits you with a demon whip of electrocution.
You die...

########################
.................)......
..).............@A......
#############++#########


You could see a profane servitor.

Vanquished Creatures
  A wizard (D)
  A flayed ghost (D)
  A phantasmal warrior (D)
  2 smoke demons (D)
  A merfolk siren (D)
  A gargoyle (D)
  An efreet (D)
  3 kobold demonologists (D)
  A red devil (D)
  A guardian mummy (D)
  A polar bear (D)
  A blink frog (D)
  A hippogriff (D)
  A snapping turtle (D)
  A slime creature (D)
  A flying skull (D)
  A steam dragon (D)
  6 yaks (D)
  A vampire mosquito (D)
  A floating eye (D)
  An orc warrior (D)
  An eye of draining (D)
  A black bear (D)
  2 necrophages (D)
  2 big kobolds (D)
  A bullfrog (D)
  An orc priest (D)
  2 orc wizards (D)
  2 worker ants (D)
  A mummy (D)
  An adder (D)
  2 oozes (D)
  A leopard gecko (D)
  5 orcs (D)
  A bat skeleton (D)
  A giant cockroach (D)
  A goblin (D)
  A quokka (D)
  A bat (D)
  A frilled lizard (D)
  10 kobolds (D)
  A leopard gecko simulacrum (D)
  3 rats (D)
71 creatures vanquished.

Vanquished Creatures (collateral kills)
  A hydra (D)
  An anaconda (D)
  A deep troll (D)
  A lindwurm (D)
  A manticore (D)
  A kobold demonologist (D)
  2 efreet (D)
  A demonic crawler (D)
  A rime drake (D)
  A guardian mummy (D)
  A polar bear (D)
  A hornet (D)
  3 blink frogs (D)
  3 slime creatures (D)
  A swamp drake (D)
  An ice beast (D)
  A big kobold (D)
  An earth elemental (D)
  An iron imp (D)
  2 kobolds (D)
26 creatures vanquished.

Vanquished Creatures (others)
  A porcupine (D)
  A sky beast (D)
  A white imp (D)
  An ufetubus (D)
4 creatures vanquished.

Grand Total: 101 creatures vanquished

Notes
Turn   | Place    | Note
-------+----------+-------------------------------------------
     0 | D        | Fang the Gargoyle Berserker began the quest for the Orb.
     0 | D        | Reached XP level 1. HP: 14/14 MP: 1/1
    16 | D        | Reached skill level 3 in Axes
    81 | D        | Found a bloodstained altar of Trog.
    81 | D        | Found a deep blue altar of Sif Muna.
    81 | D        | Found a viscous altar of Jiyva.
    81 | D        | Found a hazy altar of Hepliaklqana.
    81 | D        | Found an opulent altar of Gozag.
   107 | D        | Found a glowing golden altar of the Shining One.
   107 | D        | Found a glowing silver altar of Zin.
   107 | D        | Found a basalt altar of Yredelemnul.
   107 | D        | Found a shimmering altar of Xom.
   107 | D        | Found a sacrificial altar of Ru.
   107 | D        | Found a stormy altar of Qazlal.
   107 | D        | Found an iron altar of Okawaru.
   107 | D        | Found a sparkling altar of Nemelex Xobeh.
   107 | D        | Found a burning altar of Makhleb.
   107 | D        | Found a blossoming altar of Fedhas.
   107 | D        | Found a white marble altar of Elyvilon.
   107 | D        | Found a shadowy altar of Dithmenos.
   107 | D        | Found a snail-covered altar of Cheibriados.
   115 | D        | Reached XP level 2. HP: 20/20 MP: 2/2
   120 | D        | Reached ** piety under Trog
   129 | D        | Reached skill level 5 in Fighting
   129 | D        | Reached skill level 4 in Axes
   129 | D        | Reached XP level 3. HP: 8/26 MP: 3/3
   371 | D        | Reached *** piety under Trog
   419 | D        | Noticed a floating eye
   422 | D        | Killed a floating eye
   422 | D        | Reached skill level 6 in Axes
   422 | D        | Reached skill level 1 in Stealth
   422 | D        | Reached XP level 4. HP: 34/34 MP: 4/4
   422 | D        | Reached XP level 5. HP: 38/38 MP: 5/5
   449 | D        | Noticed a necrophage
   461 | D        | Reached **** piety under Trog
   472 | D        | Killed a necrophage
   472 | D        | Reached skill level 7 in Axes
   472 | D        | Reached XP level 6. HP: 44/44 MP: 6/6
   475 | D        | Noticed a flying skull
   484 | D        | Reached skill level 8 in Axes
   491 | D        | Killed a flying skull
   491 | D        | Reached skill level 9 in Axes
   491 | D        | Reached skill level 5 in Armour
   722 | D        | Noticed a black bear
   731 | D        | Killed a black bear
   731 | D        | Reached ***** piety under Trog
   731 | D        | Reached XP level 7. HP: 49/51 MP: 7/7
   765 | D        | Noticed a vampire mosquito
   770 | D        | Killed a vampire mosquito
   770 | D        | Reached skill level 10 in Axes
   785 | D        | Noticed a hornet
   785 | D        | Noticed a six-headed hydra
   788 | D        | Killed a five-headed hydra
   788 | D        | Reached skill level 10 in Fighting
   788 | D        | Reached skill level 11 in Axes
   788 | D        | Reached XP level 8. HP: 59/59 MP: 8/8
   791 | D        | Killed a hornet
   791 | D        | Received a gift from Trog
   794 | D        | Got a polished war axe {god gift}
   795 | D        | Identified the +10 war axe "Utse" {chop, rC- Str+5 SInv} (Trog gifted it to you in the Dungeon)
   972 | D        | Found a radiant altar of Vehumet.
   972 | D        | Found a corrupted altar of Lugonu.
   972 | D        | Found a roughly hewn altar of Beogh.
   973 | D        | Found a hide-covered altar of Uskayaw.
   973 | D        | Found an ancient bone altar of Kikubaaqudgha.
   973 | D        | Found a shattered altar of Ashenzari.
   994 | D        | Noticed a polar bear
   999 | D        | Killed a polar bear
  1000 | D        | Reached skill level 12 in Axes
  1049 | D        | Noticed a kobold demonologist
  1049 | D        | Noticed a kobold demonologist
  1054 | D        | Reached skill level 5 in Dodging
  1055 | D        | Noticed a sixfirhy
  1056 | D        | Killed a kobold demonologist
  1056 | D        | Received a gift from Trog
  1058 | D        | Killed a kobold demonologist
  1058 | D        | Reached XP level 9. HP: 65/65 MP: 9/9
  1058 | D        | Reached skill level 13 in Axes
  1061 | D        | Reached ****** piety under Trog
  1061 | D        | Received a gift from Trog
  1104 | D        | Noticed a smoke demon
  1105 | D        | Noticed a merfolk siren
  1114 | D        | Killed a smoke demon
  1124 | D        | Killed a merfolk siren
  1124 | D        | Received a gift from Trog
  1124 | D        | Reached skill level 14 in Axes
  1269 | D        | Noticed an efreet
  1283 | D        | Killed an efreet
  1291 | D        | Noticed a red devil
  1308 | D        | Killed a red devil
  1308 | D        | Reached XP level 10. HP: 52/73 MP: 3/10
  1408 | D        | Noticed a flayed ghost
  1410 | D        | Reached skill level 10 in Armour
  1417 | D        | Killed a flayed ghost
  1417 | D        | Received a gift from Trog
  1417 | D        | Reached skill level 15 in Axes
  1542 | D        | Noticed an anaconda
  1542 | D        | Noticed a manticore
  1547 | D        | Received a gift from Trog
  1550 | D        | Killed an anaconda
  1550 | D        | Reached skill level 16 in Axes
  1553 | D        | Received a gift from Trog
  1554 | D        | Killed a manticore
  1678 | D        | Noticed a lindwurm
  1679 | D        | Noticed a deep troll
  1680 | D        | Noticed a kobold demonologist
  1684 | D        | Noticed a kobold demonologist
  1684 | D        | Killed a lindwurm
  1684 | D        | Reached XP level 11. HP: 80/80 MP: 3/11
  1685 | D        | Killed a deep troll
  1687 | D        | Received a gift from Trog
  1703 | D        | Received a gift from Trog
  1703 | D        | Reached skill level 17 in Axes
  1717 | D        | Received a gift from Trog
  1745 | D        | Received a gift from Trog
  2107 | D        | Noticed a phantasmal warrior
  2112 | D        | Killed a phantasmal warrior
  2120 | D        | Reached skill level 15 in Fighting
  2171 | D        | Noticed a wizard
  2182 | D        | Killed a wizard
  2182 | D        | Received a gift from Trog
  2201 | D        | Noticed a profane servitor
  2221 | D        | HP: 5/121 [profane servitor/demon whip of electrocution (2)]
  2225 | D        | Slain by a profane servitor

Skill      XL: |  1  2  3  4  5  6  7  8  9 10 11 |
---------------+----------------------------------+-----
Fighting       | 4 5 7 8 9 10 12 13 14 15 | 15.3
Axes           | 3 4 6 7 9 11 12 14 16 17 | 17.9
Dodging        | 2 3 4 5 |  5.4
Armour         | 3 4 5 6 8 9 11 12 | 12.8
Stealth        | 1 2 |  2.4

Action                   |  1- 3 |  4- 6 |  7- 9 | 10-12 || total
-------------------------+-------+-------+-------+-------++-------
Melee: Hand axe          |    31 |    47 |    14 |       ||    92
       War axe           |       |       |    63 |    60 ||   123
       Broad axe         |       |       |       |     6 ||     6
       Battleaxe         |       |       |       |    21 ||    21
Invok: Berserk           |     1 |     1 |     2 |     2 ||     6
       Brothers in Arms  |       |       |     1 |     4 ||     5
  Use: Potion            |       |       |       |     1 ||     1
  Eat: Chunk             |       |     1 |       |     5 ||     6
       Bread ration      |       |       |     1 |       ||     1
Armor: Animal skin       |     6 |       |       |       ||     6
       Plate armour      |       |    40 |    47 |    88 ||   175
Dodge: Dodged            |    23 |    21 |    31 |    42 ||   117
